 Dungeon Crawl Stone Soup version 0.30.0-29-ga12c61a403 (webtiles) character file.

Game seed: 15996366709674627711

66 qw the Chopper (level 4, -1/28 HPs)
             Began as a Gargoyle Fighter on June 4, 2023.
             Slain by Natasha (4 damage)
             ... on level 2 of the Dungeon.
             The game lasted 00:00:46 (1163 turns).

qw the Chopper (Gargoyle Fighter)                   Turns: 1163, Time: 00:00:47

Health: -1/28      AC: 10    Str: 21    XL:     4   Next: 15%
Magic:  4/4        EV:  9    Int:  9    God:
Gold:   69         SH:  4    Dex:  9    Spells: 3/3 levels left

rFire   . . .        Y - +0 war axe
rCold   . . .        c - +0 buckler
rNeg    + . .        b - +0 scale mail
rPois   inf          (no helmet)
rElec   +            (no cloak)
rCorr   .            (no gloves)
SInv    .            (no boots)
Will    +....        (no amulet) Stlth
                     i - ring of willpower
HPRegen 0.24/turn    (no ring)
MPRegen 0.09/turn

%: no passive effects
@: no status effects
A: sickness immunity, AC +3, negative energy resistance 1, electricity
resistance, torment resistance 1, petrification resistance
a: no special abilities


You were on level 2 of the Dungeon.
You visited 1 branch of the dungeon, and saw 2 of its levels.

You collected 69 gold pieces.


Innate Abilities, Weirdness & Mutations

You are immune to sickness and miasma.
Your stone body is resilient. (AC +3)
You are immune to poison.
You resist negative energy. (rN+)
You are resistant to electric shocks. (rElec)
You are resistant to unholy torment.
You are immune to petrification.


   Skills:
 - Level 3.2 Fighting
 + Level 3.9 Axes
 - Level 3.2 Armour
 - Level 3.2 Shields


You had 3 spell levels left.
You didn't know any spells.
Your spell library was empty.

Inventory:

Hand Weapons
 k - a +0 club
 Y - a +0 war axe (weapon)
Armour
 b - a +0 scale mail (worn)
 c - a +0 buckler (worn)
Jewellery
 i - a ring of willpower (left hand)
Scrolls
 a - a scroll of fear {unknown}
 f - a scroll of identify {unknown}
Potions
 d - a potion of might
 e - a potion of cancellation {unknown}
 g - a potion of ambrosia {unknown}
 h - 2 potions of curing

Dungeon Overview and Level Annotations

Branches:
Dungeon (2/15)

Altars:

Annotations:
D:2 Natasha


Message History

You have reached level 4!
You feel clever.
The cerulean imp disappears in a puff of smoke!
Natasha mumbles some strange words.
You see here an adder corpse.
You closely miss the hobgoblin. The hobgoblin hits you.
The cerulean imp hits you but does no damage.
The hobgoblin hits you but does no damage.
You completely miss the hobgoblin.
The cerulean imp hits you but does no damage.
You block the hobgoblin's attack.
You hit the hobgoblin but do no damage. The cerulean imp closely misses you.
The hobgoblin closely misses you.
The cerulean imp hits you but does no damage.
The hobgoblin hits you but does no damage.
You hit the hobgoblin.
The hobgoblin is lightly wounded.
You block the cerulean imp's attack. The hobgoblin barely misses you.
You closely miss the hobgoblin.
The hobgoblin is lightly wounded.
The cerulean imp hits you from afar with a +1 spear.
The hobgoblin hits you but does no damage.
You closely miss the hobgoblin.
The hobgoblin is lightly wounded.
Natasha casts a spell.
The cerulean imp hits you from afar with a +1 spear.
The hobgoblin barely misses you.
The cerulean imp hits you from afar with a +1 spear.
The hobgoblin hits you.
You hit the hobgoblin.
You kill the hobgoblin!
The cerulean imp closely misses you. Natasha closely misses you.
You closely miss Natasha.
The cerulean imp hits you but does no damage.
You block the cerulean imp's attack. Natasha barely misses you.
The cerulean imp hits you but does no damage.
You barely miss Natasha.
The cerulean imp hits you from afar with a +1 spear.
Natasha claws you.
You die...

#.#.####.######.........%..
#.#...........#...#......(.
##.#####.#..##.#............
#.........<..#.#.#.#.######.
##########.###.#.#.#. #.
....<.......#.# # #.
#.......##..#.# +
#.......)...#.#
........@#....#
#.#...##h###### ...... 5.5
#.#.#...... #...+....... .#
#........ #.........
#.........#


You could see Natasha and 2 cerulean imps.

Vanquished Creatures
  2 adders (D:2)
  2 dart slugs (D:1)
  A worm (D:2)
  3 endoplasms
  4 giant cockroaches
  6 goblins
  3 hobgoblins
  3 kobolds
  5 quokkas
  3 ball pythons (D:1)
  3 bats
  2 frilled lizards
  2 rats (D:1)
39 creatures vanquished.

Notes
Turn   | Place    | Note
-------+----------+-------------------------------------------
     0 | D:1      | qw the Gargoyle Fighter began the quest for the Orb.
     0 | D:1      | Reached XP level 1. HP: 14/14 MP: 1/1
     0 | D:1      | 0 ||| qw: Version: 0.2-a-107-g4668610
     0 | D:1      | 0 ||| qw: Game counter: 1177
     0 | D:1      | 0 ||| qw: Always use a shield: true
     0 | D:1      | 0 ||| qw: God list: Okawaru
     0 | D:1      | 0 ||| qw: Allow faded altars: false
     0 | D:1      | 0 ||| qw: Do Orc after D:15 true
     0 | D:1      | 0 ||| qw: Do second Lair branch before Depths: true
     0 | D:1      | 0 ||| qw: Lair rune preference: random
     0 | D:1      | 0 ||| qw: Plans: Normal, Zot:1-4, Slime:5, God:TSO, Crypt,
                  | Tomb, Abyss, Pan, Hells, Win
     0 | D:1      | 0 ||| PLANNING D:1-11
   122 | D:1      | Reached XP level 2. HP: 16/19 MP: 2/2
   190 | D:1      | 190 ||| Stepping ~*~*~tactically~*~*~ (hiding).
   389 | D:1      | 389 ||| Stepping ~*~*~tactically~*~*~ (stealth).
   418 | D:1      | Reached skill level 3 in Axes
   422 | D:1      | 422 ||| FLEEEEING.
   423 | D:1      | 423 ||| FLEEEEING.
   424 | D:1      | 424 ||| FLEEEEING.
   425 | D:1      | 425 ||| FLEEEEING.
   426 | D:1      | 426 ||| FLEEEEING.
   427 | D:1      | 427 ||| FLEEEEING.
   491 | D:1      | Reached XP level 3. HP: 22/23 MP: 3/3
   757 | D:1      | 757 ||| UPGRADING to ring of willpower.
   758 | D:1      | 758 ||| READING scroll labelled JERPHAEXTEL.
   763 | D:1      | 763 ||| READING scroll labelled SEMYEN GUHUS.
   764 | D:1      | 764 ||| DRINKING 2 sapphire potions.
   807 | D:2      | 807 ||| Stepping ~*~*~tactically~*~*~ (stealth).
   809 | D:2      | 809 ||| Stepping ~*~*~tactically~*~*~ (stealth).
   816 | D:2      | 816 ||| Stepping ~*~*~tactically~*~*~ (hiding).
   877 | D:2      | 877 ||| Stepping ~*~*~tactically~*~*~ (stealth).
  1138 | D:2      | 1138 ||| Stepping ~*~*~tactically~*~*~ (stealth).
  1140 | D:2      | Noticed Natasha
  1154 | D:2      | Reached XP level 4. HP: 16/28 MP: 4/4
  1160 | D:2      | HP: 7/28 [cerulean imp/+1 spear[Natasha] (4)]
  1160 | D:2      | HP: 3/28 [hobgoblin (4)]
  1163 | D:2      | Slain by Natasha

Levels and vault maps discovered:
D:1:      dpeg_arrival_boxorama, layout_basic, hex_intersection, st_stairs_5
D:2:      layout_basic, basic_altar, serial_shops, nicolae_shop_crystal,
          minmay_statues_item, uniq_natasha

Skill      XL: |  1  2 |
---------------+-------+-----
Axes           | 2 3 |  3.9
Fighting       | |  3.2
Armour         | |  3.2
Shields        | |  3.2

Action                     |  1- 3 |  4- 6 || total
---------------------------+-------+-------++-------
  Melee: War axe           |   133 |     9 ||   142
    Use: Scroll            |     2 |       ||     2
         Potion            |     1 |       ||     1
 Armour: Scale mail        |    80 |     8 ||    88
  Dodge: Dodged            |    59 |     7 ||    66
  Block: Buckler           |    24 |     3 ||    27

Table legend:
 A = Non-vault XP
 B = Vault XP
 C = Vault XP percentage of total XP
 D = Non-vault monster count
 E = Vault monster count
 F = Vault count percentage of total count
                 A         B        C        D         E       F
            +---------+---------+-------+---------+---------+-------
      Total |      89 |       6 |   6.3 |      36 |       3 |   7.7
            +---------+---------+-------+---------+---------+-------
        D:1 |      41 |       6 |  12.8 |      23 |       3 |  11.5
        D:2 |      48 |       0 |   0.0 |      13 |       0 |   0.0
            +---------+---------+-------+---------+---------+-------
